 Dungeon Crawl Stone Soup version 0.31.0-12-g77e489cdc1 (webtiles) character file.

Game seed: 9020092451779553215

698 spaghetti the Covert (level 7, -13/52 HPs)
             Began as a Human Chaos Knight on Feb 18, 2024.
             Was a Plaything of Xom.
             Killed by an exploding butterfly (14 damage)
             ... ignited by their inner flame
             ... in an ossuary.
             The game lasted 00:04:43 (3495 turns).

spaghetti the Covert (Human Chaos Knight)           Turns: 3495, Time: 00:04:44

Health: -13/52     AC: 11    Str: 11    XL:     7   Next: 65%
Magic:  7/7        EV: 11    Int: 16    God:    Xom [...*..]
Gold:   131        SH:  0    Dex: 14    Spells: 6/6 levels left

rFire   + . .        a - +0 short sword (chaos)
rCold   + . .        (no shield)
rNeg    . . .        b - +2 leather armour
rPois   .            (no helmet)
rElec   .            i - scarf {rC+ rF+}
rCorr   .            (no gloves)
SInv    .            (no boots)
Will    .....        (no amulet)
Stlth   ++++         j - +4 ring of protection
HPRegen 0.28/turn    (no ring)
MPRegen 0.10/turn

%: no passive effects
@: no status effects
A: explore regen, iridescent scales 1, clever 1, high MP 1, wild magic 1,
persistent drain
a: Renounce Religion


You were in an ossuary.
You worshipped Xom.
You were a favourite toy of Xom.
You visited 1 branch of the dungeon, and saw 5 of its levels.
You also visited: Ossuary.

You collected 131 gold pieces.

Inventory:

Hand Weapons
 a - a +0 short sword of chaos (weapon)
 e - a +2 dagger of draining
Armour
 b - a +2 leather armour (worn)
 i - a scarf of resistance (worn)
Jewellery
 j - a +4 ring of protection (left hand)
Wands
 m - a wand of charming (5)
Scrolls
 g - 2 scrolls of silence
 h - 2 scrolls of teleportation
 k - 2 scrolls of vulnerability


   Skills:
 - Level 3.0 Fighting
 - Level 3.0 Short Blades
 - Level 2.0 Armour
 - Level 1.0 Dodging
 + Level 8.8 Stealth


You had 6 spell levels left.
You didn't know any spells.
Your spell library contained the following spells:

 Spells                   Type           Power      Damage    Failure   Level
 Magic Dart               Conj           0%         1d3       41%         1
 Searing Ray              Conj           0%         2d4       54%         2
 Fulminant Prism          Conj/Alch      0%         3d5       98%         4


Dungeon Overview and Level Annotations

Branches:
Dungeon (5/15)            Ossuary (1/1)
 Temple: D:4-7

Altars:
Makhleb
Ru


Innate Abilities, Weirdness & Mutations

You regain HP and MP as you explore.
You are partially covered in iridescent scales. (AC +2)
Your mind is acute. (Int +4, Str/Dex -1)
You have an increased reservoir of magic. (+10% MP)
Your spells are a little harder to cast, but a little more powerful.
Your health recovers twice as slowly from being drained.


Message History

You swap places.
The naga closely misses your butterfly. The naga grabs your butterfly.
The naga constricts your butterfly.
Your butterfly dies!
Your butterfly disappears in a burst of colours!
You aren't carrying any potions.
You swap places.
The naga completely misses your butterfly.
The naga misses your butterfly.
As you read the scroll labelled QAODUA LUOFA, it crumbles to dust.
The creatures around you are filled with an inner flame!
It was a scroll of immolation.
The naga hits your butterfly!
Your butterfly disappears in a burst of colours!
Your butterfly explodes!
The fiery explosion engulfs the naga!!
The fiery explosion engulfs your butterfly!!
Your butterfly disappears in a burst of colours!
The fiery explosion engulfs your butterfly!
Your butterfly disappears in a burst of colours!
The fiery explosion engulfs your butterfly!!
Your butterfly disappears in a burst of colours!
Your butterfly explodes!
The fiery explosion engulfs your butterfly!!
Your butterfly disappears in a burst of colours!
Your butterfly explodes!
The fiery explosion engulfs your butterfly!
Your butterfly disappears in a burst of colours!
The fiery explosion engulfs your butterfly.
Your butterfly disappears in a burst of colours!
The fiery explosion engulfs you! You resist.
Xom roars with laughter!
* * * LOW HITPOINT WARNING * * *
Your butterfly explodes!
The fiery explosion engulfs you. You resist.
* * * LOW HITPOINT WARNING * * *
The fiery explosion engulfs your butterfly!!
Your butterfly disappears in a burst of colours!
Your butterfly explodes!
The fiery explosion engulfs you! You resist.
You die...
Xom snickers! ..... #.....# #...# ##...## #...# #...# ##...## ##...## .....# #.....# #.Z.# ##...## #ZZZ#

### ### ### #...#
##'####§###.###.####'##
#.^.#§§§@bb..b....#.^.#
#^∩Z'§§§§..b......'.∩.#
#^^Z#§§§§bbb......#^.^#
#######§###b###.#######
### ### ###


You could see a gnoll zombie (inner flame) and an elf zombie (inner flame).

Vanquished Creatures
  A naga (Ossuary)
  A phantom (D:4)
  A scorpion (Ossuary)
  2 hounds (D:4)
  3 scorpion zombies (Ossuary)
  3 iguanas
  4 orc wizards
  3 mummies (Ossuary)
  A gnoll (D:3)
  7 adders
  4 adder zombies (Ossuary)
  2 dart slugs
  3 ribbon worms
  15 orcs
  8 endoplasms
  7 giant cockroaches
  6 goblins
  6 hobgoblins
  11 kobolds
  5 quokkas
  5 ball pythons
  6 bats
  5 frilled lizards
  2 jackal zombies (Ossuary)
  2 kobold zombies (Ossuary)
  6 rats
119 creatures vanquished.

Notes
Turn   | Place    | Note
-------+----------+-------------------------------------------
     0 | D:1      | spaghetti the Human Chaos Knight began the quest for the
                  | Orb.
     0 | D:1      | Reached XP level 1. HP: 18/18 MP: 1/1
    76 | D:1      | Reached skill level 1 in Stealth
   114 | D:1      | Reached XP level 2. HP: 23/24 MP: 2/2
   240 | D:1      | Reached skill level 2 in Stealth
   708 | D:2      | Reached XP level 3. HP: 29/29 MP: 3/3
   736 | D:2      | Reached skill level 3 in Stealth
   921 | D:2      | XOM: divination: detect creatures
  1253 | D:2      | XOM: cloud trail
  1423 | D:3      | Found a sacrificial altar of Ru.
  1427 | D:3      | Reached skill level 4 in Stealth
  1427 | D:3      | Reached XP level 4. HP: 35/35 MP: 4/4
  1463 | D:3      | Gained mutation: You have an increased reservoir of magic.
                  | (+10% MP) [potion of mutation]
  1463 | D:3      | Gained mutation: Potions are less effective at restoring
                  | your health. [potion of mutation]
  1463 | D:3      | Lost mutation: You have an increased reservoir of magic.
                  | (+10% MP) [potion of mutation]
  1466 | D:3      | HP: 1/33 [orc/+0 mace (3)]
  1475 | D:3      | XOM: blink monster(s)
  1634 | D:3      | Reached skill level 5 in Stealth
  1634 | D:3      | Reached XP level 5. HP: 39/41 MP: 5/5
  1889 | D:3      | XOM: give mutation
  1889 | D:3      | Gained mutation: Your muscles are strong. (Str +4, Int/Dex
                  | -1) [Xom's mischief]
  2031 | D:3      | XOM: give mutation
  2031 | D:3      | Lost mutation: Your muscles are strong. (Str +4, Int/Dex
                  | -1) [Xom's mischief]
  2059 | D:3      | Lost mutation: Potions are less effective at restoring your
                  | health. [potion of mutation]
  2059 | D:3      | Gained mutation: Your mind is acute. (Int +4, Str/Dex -1)
                  | [potion of mutation]
  2059 | D:3      | Gained mutation: Your health recovers twice as slowly from
                  | being drained. [potion of mutation]
  2059 | D:3      | Gained mutation: You have an increased reservoir of magic.
                  | (+10% MP) [potion of mutation]
  2059 | D:3      | Gained mutation: You have hidden genetic potential. [potion
                  | of mutation]
  2141 | D:3      | XOM: 2-stop teleportation journey
  2406 | D:4      | XOM: noise
  2420 | D:4      | Reached skill level 6 in Stealth
  2420 | D:4      | Reached XP level 6. HP: 45/47 MP: 6/6
  2432 | D:4      | Found a burning altar of Makhleb.
  2653 | D:4      | XOM: smoke on damage
  2675 | D:4      | Gained mutation: You are partially covered in iridescent
                  | scales. (AC +2) [hidden potential]
  2842 | D:4      | Reached skill level 7 in Stealth
  2859 | D:4      | XOM: silly message
  3075 | D:4      | XOM: potion effect (invisibility)
  3085 | D:4      | Reached XP level 7. HP: 42/52 MP: 7/7
  3140 | D:5      | Entered Level 5 of the Dungeon
  3183 | D:5      | Found a sand-covered staircase.
  3192 | Ossuary  | Entered an ossuary
  3200 | Ossuary  | XOM: smoke on damage
  3203 | Ossuary  | XOM: potion effect (haste)
  3214 | Ossuary  | Reached skill level 8 in Stealth
  3228 | Ossuary  | Gained mutation: Your spells are a little harder to cast,
                  | but a little more powerful. [hidden potential]
  3228 | Ossuary  | Lost mutation: You have hidden genetic potential. [hidden
                  | potential expressed]
  3343 | Ossuary  | XOM: noise
  3440 | Ossuary  | XOM: noise
  3486 | Ossuary  | a scorpion changed into a naga
  3486 | Ossuary  | Noticed a naga
  3495 | Ossuary  | Killed a naga
  3495 | Ossuary  | HP: 1/52 [spore (6)]
  3495 | Ossuary  | Killed by an exploding butterfly... ignited by their inner
                  | flame

Illustrated notes

Levels and vault maps discovered:
D:1:      minmay_arrival_wavy_path, layout_basic, minmay_heptomino_d4
D:2:      layout_basic, chequers_serial_rivers_micro_c
D:3:      minmay_razor_zed, layout_rooms, nicolae_ru_great_annihilating_truth,
          minivault_24
D:4:      layout_basic, lemuel_doored_altar
D:5:      layout_gridville, minmay_temple_entry_glass,
          chequers_ossuary_entry_cave, minmay_between
Ossuary:  ossuary_minmay_chase

Skill      XL: |  1  2  3  4  5  6  7 |
---------------+----------------------+-----
Stealth        | 1 2 4 5 6 7 8 |  8.8
Fighting       | |  3.0
Short Blades   | |  3.0
Armour         | |  2.0
Dodging        | |  1.0

Action                     |  1- 3 |  4- 6 |  7- 9 || total
---------------------------+-------+-------+-------++-------
  Melee: Short sword       |   130 |    29 |   119 ||   278
         Punch             |     1 |     2 |     3 ||     6
         Dagger            |       |   194 |    64 ||   258
    Use: Potion            |       |     3 |     2 ||     5
         Scroll            |       |     4 |     2 ||     6
   Stab: Confused          |     1 |       |     1 ||     2
         Sleeping          |     4 |    13 |       ||    17
         Paralysed         |       |     1 |       ||     1
         Invisible         |       |     1 |       ||     1
 Armour: Leather armour    |    74 |   120 |   116 ||   310
         Skin              |       |       |    38 ||    38
  Dodge: Dodged            |    77 |   111 |   122 ||   310
